 Dungeon Crawl Stone Soup version 0.23.0-33-g5e6c059fef (webtiles) character file.

Game seed: 0

1854 Ivernyr the Frost Mage (level 9, 0/68 HPs)
             Began as a Naga Ice Elementalist on Feb 26, 2019.
             Was a Priest of Cheibriados.
             Slain by a slime creature (9 damage)
             ... on level 6 of the Dungeon.
             The game lasted 00:43:41 (6209 turns).

Ivernyr the Frost Mage (Naga Ice Elementalist)      Turns: 6209, Time: 00:43:42

Health: 0/68       AC: 12    Str: 18    XL:     9   Next: 12%
Magic:  5/16       EV: 11    Int: 27    God:    Cheibriados [***...]
Gold:   242        SH:  0    Dex: 20    Spells: 10/18 levels left

rFire    . . .     SeeInvis +   i - +0 spear
rCold    . . .     Gourm    .   (no shield)
rNeg     + . .     Faith    .   a - +1 robe
rPois    +         Spirit   .   (no helmet)
rElec    .         Reflect  .   e - scarf {repulsion}
rCorr    .         Harm     .   (no gloves)
MR       ++...                  (no barding)
Stlth    +++.......             q - amulet of magic regeneration
HPRegen  0.21/turn              A - ring of positive energy
MPRegen  0.40/turn              m - ring of protection from magic

@: icy armour, repel missiles, very slow
A: large, see invisible, deformed body, poison resistance, slowness 2, slow
metabolism 1, spit poison 1, AC +3
a: Spit Poison, Bend Time, Temporal Distortion, Renounce Religion


You were on level 6 of the Dungeon.
You worshipped Cheibriados.
Cheibriados was most pleased with you.
You were not hungry.

You visited 1 branch of the dungeon, and saw 6 of its levels.

You collected 242 gold pieces.

Inventory:

Hand Weapons
 i - a +0 spear (weapon)
Armour
 a - a +1 robe (worn)
 e - a scarf of repulsion (worn)
Jewellery
 m - a ring of protection from magic (right hand)
 q - an amulet of magic regeneration (around neck)
 A - a ring of positive energy (left hand)
Wands
 b - a wand of flame (20)
Scrolls
 f - a scroll of enchant armour
 j - 2 scrolls of remove curse
 v - a scroll of immolation {unknown}
 y - a scroll of magic mapping {unknown}
Potions
 d - 3 potions of brilliance {unknown}
 g - a potion of degeneration {unknown}
 h - a potion of invisibility {unknown}
 k - a potion of curing
 l - 5 potions of might {unknown}
 o - a potion of mutation {unknown}
 p - 3 potions of heal wounds {unknown}
 u - 3 potions of agility {unknown}
 w - a potion of lignification {unknown}
 x - a potion of ambrosia {unknown}
Comestibles
 c - 8 rations


   Skills:
 - Level 2.5 Dodging
 - Level 3.0 Stealth
 + Level 5.2 Spellcasting
 + Level 4.4 Conjurations
 * Level 8.0 Ice Magic
 + Level 5.0 Invocations


You had 10 spell levels left.
You knew the following spells:

 Your Spells              Type           Power        Failure   Level  Hunger
a - Freeze                Ice            ####         1%          1    None
b - Ozocubu's Armour      Chrm/Ice       ####....     4%          3    #......
c - Throw Icicle          Conj/Ice       #####...     5%          4    ###....

Your spell library contained the following spells:

 Spells                   Type           Power        Failure   Level  Hunger
 Throw Frost              Conj/Ice       #####.       1%          2    None
 Summon Ice Beast         Ice/Summ       ####....     13%         4    ###....


Dungeon Overview and Level Annotations

Branches:
Dungeon (6/15)             Temple (0/1) D:4

Altars:
Cheibriados
Gozag
Kikubaaqudgha
Nemelex Xobeh
Okawaru
Beogh

Shops:
D:5 }

Annotations:
D:4 3 runed translucent doors, PeterQ's ghost, amateur GnGl


Innate Abilities, Weirdness & Mutations

You cannot wear boots.
Your serpentine skin is tough. (AC +3)
You have supernaturally acute eyesight. (SInv)
Armour fits poorly on your strangely shaped body.
Your system is resistant to poisons. (rPois)
You cover ground very slowly.
You have a slow metabolism.
You can spit poison.


Message History

The slime creature hits you!
Casting: Freeze (safe; 1% risk of failure)
Confirm with . or Enter, or press ? or * to list all spells.
Aiming: Freeze (safe; 1% risk of failure)
Press: ? - help, Shift-Dir - straight line, f/p - slime creature
Aim: a slime creature (severely wounded)
You freeze the slime creature!
The slime creature is severely wounded.
The slime creature hits you!
* * * LOW HITPOINT WARNING * * *
Casting: Freeze (safe; 1% risk of failure)
Confirm with . or Enter, or press ? or * to list all spells.
Aiming: Freeze (safe; 1% risk of failure)
Press: ? - help, Shift-Dir - straight line, f/p - slime creature
Aim: a slime creature (severely wounded)
You freeze the slime creature.
The slime creature is almost dead.
A jelly comes into view.
The slime creature hits you!
You die...

.. ##.....##
####.......#
#.......#
#.......#
#.......#
####....#
##..'.(..#
#.########
##..@JJJ#
#######J#
..# .J# P.#
J.# ..# P.#


You could see 2 slime creatures and 2 jellies.

Vanquished Creatures
  Sigmund (D:4)
  Eustachio (D:4)
  2 phantoms
  An ice beast (D:5)
  2 ogres (D:4)
  A centaur (D:5)
  3 big kobolds (D:6)
  A bullfrog (D:5)
  A crimson imp (D:3)
  2 hounds
  4 jellies (D:6)
  A centaur skeleton (D:5)
  A gnoll shaman (D:5)
  Terence (D:3)
  2 orc wizards
  4 worker ants
  A howler monkey skeleton (D:4)
  11 adders
  9 gnolls
  5 oozes
  An adder zombie (D:5)
  3 adder skeletons
  A worm (D:2)
  A dart slug (D:2)
  2 leopard geckos
  9 orcs
  8 giant cockroaches
  9 goblins
  6 hobgoblins
  7 jackals
  10 kobolds
  3 ball pythons
  4 bats
  2 frilled lizards
  6 rats
126 creatures vanquished.

Vanquished Creatures (others)
  2 fungi (D:6)
  7 toadstools (D:6)
9 creatures vanquished.

Grand Total: 135 creatures vanquished

Notes
Turn   | Place    | Note
-------+----------+-------------------------------------------
     0 | D:1      | Ivernyr the Naga Ice Elementalist began the quest for the
                  | Orb.
     0 | D:1      | Reached XP level 1. HP: 15/15 MP: 3/3
    94 | D:1      | Reached XP level 2. HP: 22/22 MP: 1/5
   728 | D:1      | Reached XP level 3. HP: 28/28 MP: 6/6
   733 | D:1      | Learned a level 3 spell: Ozocubu's Armour
  1354 | D:2      | Reached skill level 4 in Ice Magic
  1354 | D:2      | Reached XP level 4. HP: 35/36 MP: 3/7
  1550 | D:2      | Found a snail-covered altar of Cheibriados.
  1563 | D:2      | Became a worshipper of Cheibriados the Contemplative
  2271 | D:3      | Reached * piety under Cheibriados
  2292 | D:3      | Learned a level 4 spell: Throw Icicle
  2369 | D:3      | Reached XP level 5. HP: 41/42 MP: 6/9
  2496 | D:3      | Reached skill level 1 in Invocations
  2526 | D:3      | Found an iron altar of Okawaru.
  2875 | D:3      | Noticed Terence
  2890 | D:3      | Killed Terence
  3135 | D:4      | Found a runed translucent gate.
  3135 | D:4      | Found a runed translucent gate.
  3138 | D:4      | Noticed PeterQ's ghost (amateur GnGl)
  3139 | D:4      | Found a runed translucent gate.
  3149 | D:4      | Found a roughly hewn altar of Beogh.
  3173 | D:4      | Reached XP level 6. HP: 49/49 MP: 8/10
  3243 | D:4      | Noticed Eustachio
  3255 | D:4      | Reached skill level 5 in Ice Magic
  3268 | D:4      | Killed Eustachio
  3359 | D:4      | Noticed a phantom
  3719 | D:4      | Found a staircase to the Ecumenical Temple.
  3721 | D:4      | Noticed Sigmund
  3730 | D:4      | Killed Sigmund
  3730 | D:4      | Reached XP level 7. HP: 54/55 MP: 8/12
  3812 | D:4      | Found an opulent altar of Gozag.
  3930 | D:4      | Reached ** piety under Cheibriados
  3977 | D:4      | Reached skill level 6 in Ice Magic
  4328 | D:4      | Reached XP level 8. HP: 44/62 MP: 14/14
  4708 | D:4      | Found an ancient bone altar of Kikubaaqudgha.
  4790 | D:4      | Got a jewelled ring mail
  4791 | D:4      | Identified the +1 ring mail of Idghexza {rF++ Regen+ Int-2
                  | Slay-5} (You found it on level 4 of the Dungeon)
  4843 | D:5      | Entered Level 5 of the Dungeon
  5060 | D:5      | Reached skill level 7 in Ice Magic
  5191 | D:5      | Reached *** piety under Cheibriados
  5225 | D:5      | Upgraded the game from 0.23.0-28-g6fe0f4dc8b to
                  | 0.23.0-33-g5e6c059fef
  5263 | D:5      | Found Xiwim's Gadget Shoppe.
  5996 | D:6      | Found a sparkling altar of Nemelex Xobeh.
  6037 | D:6      | Reached skill level 5 in Spellcasting
  6037 | D:6      | Reached XP level 9. HP: 55/68 MP: 6/16
  6169 | D:6      | Reached skill level 8 in Ice Magic
  6198 | D:6      | Reached skill level 5 in Invocations
  6209 | D:6      | Slain by a slime creature

Skill      XL: |  1  2  3  4  5  6  7  8  9 |
---------------+----------------------------+-----
Dodging        | 2 |  2.5
Ice Magic      | 4 5 6 7 8 |  8.0
Invocations    | 1 2 3 4 5 |  5.0
Spellcasting   | 3 4 5 |  5.2
Conjurations   | 2 3 4 |  4.4
Stealth        | |  3.0

Action                   |  1- 3 |  4- 6 |  7- 9 || total
-------------------------+-------+-------+-------++-------
Melee: Spear             |    15 |    62 |   127 ||   204
 Cast: Freeze            |    37 |    56 |    96 ||   189
       Ozocubu's Armour  |       |     5 |    12 ||    17
       Throw Icicle      |       |       |    11 ||    11
Invok: Bend Time         |       |     2 |       ||     2
 Abil: Spit Poison       |    20 |    35 |    31 ||    86
Evoke: Wand              |       |       |     9 ||     9
  Use: Scroll            |       |     9 |     1 ||    10
       Potion            |       |     1 |       ||     1
 Stab: Sleeping          |       |       |     1 ||     1
  Eat: Chunk             |     2 |     6 |     7 ||    15
       Ration            |       |       |     1 ||     1
Armor: Robe              |     6 |    21 |    86 ||   113
Dodge: Dodged            |    34 |    49 |    99 ||   182
       Deflected         |       |     3 |     3 ||     6
